 Dungeon Crawl Stone Soup version 0.27-a0-695-gb4952372f7 (webtiles) character file.

Game seed: 14091827983022890001

2454 Gaff the Slinger (level 9, -4/57 HPs)
             Began as a Halfling Hunter on Mar 22, 2021.
             Was a Believer of Makhleb.
             Hit by a large rock thrown by a cyclops (15 damage)
             ... on level 8 of the Dungeon.
             The game lasted 00:25:34 (10281 turns).

Gaff the Slinger (Halfling Hunter)                 Turns: 10281, Time: 00:25:35

Health: -4/57      AC:  9    Str: 22    XL:     9   Next: 79%
Magic:  12/12      EV:  9    Int:  9    God:    Makhleb [**....]
Gold:   338        SH:  0    Dex: 15    Spells: 8/8 levels left

rFire    . . .     SeeInvis .   a - +2 hunting sling
rCold    . . .     Faith    .   (shield restricted)
rNeg     . . .     Spirit   .   c - +0 leather armour
rPois    .         Reflect  .   g - +0 helmet
rElec    .         Harm     .   G - +2 cloak
rCorr    .         Rampage  .   q - +0 pair of gloves
Will     .....                  (no boots)
Stlth    ++........             (no amulet)
HPRegen  0.19/turn              A - ring "Vummyutt" {Wiz Str+6 Slay+3}
MPRegen  0.13/turn              (no ring)

@: about to teleport, marked, held
A: small, no large weapons, mutation resistance 1
a: Renounce Religion, Minor Destruction


You were on level 8 of the Dungeon.
You worshipped Makhleb.
Makhleb was pleased with you.
You visited 1 branch of the dungeon, and saw 8 of its levels.

You collected 338 gold pieces.

Inventory:

Hand Weapons
 a - a +2 hunting sling (weapon)
 b - a +3 falchion
 h - a +1 dagger of venom
 m - a +0 short sword
 o - a +5 short sword
 E - a +1 vorpal war axe
 H - a +1 flail of holy wrath
 J - a +4 hand axe
Missiles
 d - 35 sling bullets
 f - 68 stones (quivered ammo)
 i - 10 poisoned darts
 j - 16 boomerangs
Armour
 c - a +0 leather armour (worn)
 g - a +0 helmet (worn)
 q - a +0 pair of gloves (worn)
 G - a +2 cloak (worn)
Jewellery
 A - the ring "Vummyutt" (right hand) {Wiz Str+6 Slay+3}
   (You found it on level 4 of the Dungeon)

   [ring of wizardry]

   It improves your spell success rate.
   It affects your strength (+6).
   It affects your accuracy and damage with ranged weapons and melee attacks
   (+3).
Wands
 e - a wand of polymorph (10)
 s - a wand of flame (17)
 B - a wand of iceblast (14)
 D - a wand of mindburst (21)
 F - a wand of acid (5)
Scrolls
 p - a scroll of fog
 u - a scroll of immolation
 x - a scroll of acquirement {unknown}
 C - a scroll of enchant armour {unknown}
 I - a scroll of magic mapping
Potions
 k - a potion of berserk rage {unknown}
 l - a potion of ambrosia
 n - 2 potions of attraction {unknown}
 r - 4 potions of curing
 t - 3 potions of lignification {unknown}
 v - 3 potions of haste
 w - a potion of invisibility
 z - 4 potions of flight
 K - 2 potions of might {unknown}


   Skills:
 + Level 3.5 Fighting
 - Level 12.7 Slings
 - Level 4.0 Armour
 + Level 7.4 Dodging
 - Level 2.3 Stealth
 - Level 4.0 Invocations


You had 8 spell levels left.
You didn't know any spells.
Your spell library contained the following spells:

 Spells                   Type           Power      Damage    Failure   Level
 Magic Dart               Conj           0%         1d3       19%         1
 Blink                    Tloc           N/A        N/A       26%         2
 Call Imp                 Summ           0%         N/A       26%         2
 Slow                     Hex            0%         N/A       26%         2
 Conjure Flame            Conj/Fire      0%         6-21      45%         3
 Mephitic Cloud           Conj/Pois/Air  0%         N/A       45%         3


Dungeon Overview and Level Annotations

Branches:
Dungeon (8/15)             Temple (0/1) D:5
   Lair: D:8-11

Altars:
Ashenzari
Cheibriados
Dithmenos
Gozag
Makhleb
Trog
Uskayaw
Vehumet
Xom
The Shining One

Annotations:
D:6 exclusions: electric eel and 1 more exclusion
D:8 Harold


Innate Abilities, Weirdness & Mutations

You are small and have problems with some larger weapons.
You are somewhat resistant to further mutation.


Message History

Fire: 76 stones
Press: ? - help, Q - select action, (/) - cycle Shift-Dir - straight line, f - cyclops
Aim: a cyclops, quivering large rocks (wandering, hasn't noticed you, 89% to hit)
You shoot a stone. The cyclops shouts!
The stone hits the cyclops.
The cyclops is lightly wounded.
You hear a shout!
You shoot a stone. The stone hits the cyclops.
The cyclops is lightly wounded.
You shoot a stone. The stone hits the cyclops.
The cyclops is moderately wounded.
You shoot a stone. The stone hits the cyclops!
The cyclops is heavily wounded.
You shoot a stone. The stone barely misses the cyclops.
You shoot a stone. The stone hits the cyclops!
The cyclops is severely wounded.
Harold the Weathered comes into view.
He is wielding a +4 dire flail of protection.
You shoot a stone. The stone hits the cyclops.
The cyclops is severely wounded.
You shoot a stone.
The stone hits the cyclops but does no damage.
The cyclops is severely wounded.
The cyclops throws a large rock.
The large rock hits you!!!
Ouch! That really hurt!
* * * LOW HITPOINT WARNING * * *
Harold looks eager to get this over with.
Harold throws a throwing net.
The throwing net hits you.
You become entangled in the net!
You see here a throwing net.
Okay, then.
As you read the scroll of teleportation, it crumbles to dust.
You feel strangely unstable. Harold gestures at you while chanting.
A sentinel's mark forms upon you.
You tear a large gash into the net.
b - a +3 falchion (weapon)
a - a +2 hunting sling (weapon)
The cyclops throws a large rock.
The large rock hits you!
You die...

##.. #........ ##...
##......#
##....###.......### #
#.................##
#.###..................##
!........#..............#
.......###..##.........###
.......#...####.......<..##
....(......#.#@.@..#......#
.......(.#..C.....##.....##
.....((..#.....##..)<.)..#
...((......##..#####....##
...........#...#..##.....#
.........#.##............#
.........#.#....####.....#
.........#......##...#..##
.... .......##...#....


You could see Harold and a cyclops.

Vanquished Creatures
  Sigmund (D:2)
  An orc warrior (D:6)
  2 ice beasts
  2 sky beasts (D:5)
  An ogre (D:4)
  2 centaurs (D:5)
  A phantom (D:6)
  A bullfrog (D:7)
  A wyvern zombie (D:6)
  A wyvern skeleton (D:6)
  3 scorpions
  10 wights
  2 centaur zombies (D:6)
  A bullfrog skeleton (D:6)
  3 hounds
  2 orc priests
  3 jellies
  2 iguanas
  2 orc wizards
  Terence (D:2)
  2 worker ants
  3 hound zombies
  2 hound skeletons
  3 worker ant zombies (D:6)
  A howler monkey zombie (D:6)
  2 adders
  3 white imps
  An ufetubus (D:5)
  An ooze (D:3)
  An adder zombie (D:6)
  3 adder skeletons
  A worm (D:4)
  2 leopard geckos
  16 orcs
  3 giant cockroaches
  7 goblins
  3 hobgoblins
  3 jackals (D:5)
  5 kobolds
  7 quokkas
  A ball python (D:6)
  3 bats
  8 frilled lizards
  A jackal skeleton (D:5)
  A jackal zombie (D:6)
  A quokka skeleton (D:7)
  4 quokka zombies
  3 rats
133 creatures vanquished.

Vanquished Creatures (others)
  A withered plant (D:6)
1 creature vanquished.

Grand Total: 134 creatures vanquished

Notes
Turn   | Place    | Note
-------+----------+-------------------------------------------
     0 | D:1      | Gaff the Halfling Hunter began the quest for the Orb.
     0 | D:1      | Reached XP level 1. HP: 14/14 MP: 1/1
    65 | D:1      | Reached skill level 6 in Slings
   213 | D:1      | Reached XP level 2. HP: 19/19 MP: 2/2
  1015 | D:2      | Noticed Terence
  1540 | D:2      | Noticed Sigmund
  1607 | D:2      | Reached XP level 3. HP: 24/24 MP: 3/3
  2047 | D:3      | Reached skill level 7 in Slings
  2363 | D:3      | Found a shadowy altar of Dithmenos.
  2664 | D:3      | Found an opulent altar of Gozag.
  2668 | D:3      | Found a glowing golden altar of the Shining One.
  2672 | D:3      | Found a burning altar of Makhleb.
  2680 | D:3      | Found a snail-covered altar of Cheibriados.
  2688 | D:3      | Found a hide-covered altar of Uskayaw.
  2698 | D:3      | Found a broken altar of Ashenzari.
  2704 | D:3      | Found a shimmering altar of Xom.
  2943 | D:3      | Became a worshipper of Makhleb the Destroyer
  3024 | D:4      | Reached XP level 4. HP: 29/29 MP: 4/4
  3055 | D:4      | Reached skill level 1 in Invocations
  3055 | D:4      | Reached XP level 5. HP: 7/34 MP: 5/5
  3757 | D:4      | Found a radiant altar of Vehumet.
  3794 | D:4      | Reached skill level 8 in Slings
  3800 | D:4      | Noticed an ogre
  3831 | D:4      | Killed an ogre
  3832 | D:4      | Reached XP level 6. HP: 5/39 MP: 7/7
  4529 | D:4      | Identified the ring "Vummyutt" {Wiz Str+6 Slay+3}
  4599 | D:5      | Entered Level 5 of the Dungeon
  4603 | D:5      | Noticed a sky beast
  4612 | D:5      | Killed a sky beast
  4613 | D:5      | Reached skill level 9 in Slings
  4613 | D:5      | Reached XP level 7. HP: 38/44 MP: 7/9
  4862 | D:2      | Killed Terence
  5039 | D:2      | Killed Sigmund
  5040 | D:2      | Reached skill level 10 in Slings
  5629 | D:5      | Reached XP level 8. HP: 29/49 MP: 10/10
  5885 | D:5      | Found a staircase to the Ecumenical Temple.
  5888 | D:5      | Found a bloodstained altar of Trog.
  6463 | D:5      | Reached skill level 11 in Slings
  6463 | D:5      | Reached skill level 1 in Armour
  6463 | D:5      | Reached skill level 5 in Dodging
  7130 | D:6      | Reached * piety under Makhleb
  7541 | D:6      | HP: 2/49 [phantom (7)]
  7548 | D:6      | Reached skill level 12 in Slings
  7548 | D:6      | Reached XP level 9. HP: 16/54 MP: 12/12
  8409 | D:6      | Reached ** piety under Makhleb
 10079 | D:8      | Noticed a cyclops
 10269 | D:8      | Noticed Harold
 10281 | D:8      | Hit by a large rock thrown by a cyclops

Illustrated notes

Levels and vault maps discovered:
D:1:      lemuel_arrival_lava_pool, layout_basic
D:2:      layout_basic, uniq_terence, uniq_sigmund
D:3:      layout_loops_ring, grunt_temple_overflow_octagram,
          minmay_crystal_water, grunt_dithmenos_smoke
D:4:      layout_basic, lemuel_doored_altar, kennysheep_generic_room_12
D:5:      layout_basic, overflow_temple_1_default,
          minmay_temple_entry_stoned_glass
D:6:      layout_rooms, nicolae_ossuary_entry_false_entrances, serial_undead,
          serial_undead_f, serial_undead_f, serial_undead_e, serial_undead_b,
          serial_undead_c, serial_undead_c, serial_undead_d, serial_undead_f,
          serial_undead_a, serial_undead_c, minivault_4, st_stairs_6
D:7:      layout_gridville
D:8:      layout_cave_pools, uniq_harold, uniq_maggie

Skill      XL: |  1  2  3  4  5  6  7  8  9 |
---------------+----------------------------+-----
Slings         | 6 7 8 9 10 12 | 12.7
Stealth        | 2 |  2.3
Invocations    | 1 2 3 4 |  4.0
Dodging        | 3 4 5 7 |  7.4
Armour         | 3 4 |  4.0
Fighting       | 3 |  3.5

Action                   |  1- 3 |  4- 6 |  7- 9 || total
-------------------------+-------+-------+-------++-------
Melee: Short sword       |    43 |       |       ||    43
       Dagger            |    54 |    73 |   227 ||   354
       Falchion          |       |       |    85 ||    85
 Fire: Hunting sling     |       |    10 |    91 ||   101
Invok: Minor Destruction |       |       |     2 ||     2
  Use: Potion            |     2 |     1 |     3 ||     6
       Scroll            |       |     2 |    10 ||    12
 Stab: Sleeping          |     6 |     3 |     2 ||    11
Armor: Leather armour    |    21 |    13 |    50 ||    84
Dodge: Dodged            |    52 |    48 |   276 ||   376
       Rpst.: Falchion   |       |       |    28 ||    28

Table legend: (Time is in decaauts)
 A = Elapsed time spent in this place.
 B = Non-inter-level travel time spent in this place.
 C = Inter-level travel time spent in this place.
 D = Time resting spent in this place.
 E = Time spent auto-exploring this place.
 F = Levels seen in this place.
 G = Mean time per level.
                   A        B        C        D        E       F      G
               +--------+--------+--------+--------+--------+-----+--------+
         Total |  10265 |   9532 |    733 |   3566 |   3418 |   8 | 1283.1 |
       Dungeon |  10265 |   9532 |    733 |   3566 |   3418 |   8 | 1283.1 |
               +--------+--------+--------+--------+--------+-----+--------+

Top non-repeatable levels by time:
     D:4: 1955 daAuts
     D:5: 1906 daAuts
     D:6: 1485 daAuts
     D:3: 1271 daAuts
     D:2: 1257 daAuts
     D:1: 1083 daAuts
     D:7: 875 daAuts
     D:8: 430 daAuts
